| TOP OF THE 1ST |
|
Los Angeles Dodgers batting - Pitching for Miami Marlins : LHP Steven Matz
|
|
Pitching: LHP Steven Matz
|
|
|
Batting: RHB Don Jones
|
0-0: Swinging Strike 0-1: Ground out 3-1 (Groundball, 34S, EV 88 MPH)
|
|
Batting: RHB Jesús Martínez
|
0-0: Called Strike 0-1: Called Strike 0-2: Ground out 4-3 (Groundball, 4, EV 91 MPH)
|
|
Batting: RHB Mike Garland
|
0-0: Ball 1-0: Ball 2-0: Called Strike 2-1: Called Strike 2-2: Ball 3-2: Ground out 6-3 (Groundball, 6S, EV 76 MPH)
|
| Top of the 1st over - 0 runs, 0 hits, 0 errors, 0 left on base; Los Angeles 0 - Miami 0 |
| BOTTOM OF THE 1ST |
|
Miami Marlins batting - Pitching for Los Angeles Dodgers : RHP Luis Ramírez
|
|
Pitching: RHP Luis Ramírez
|
|
|
Batting: LHB Alan O'Keefe
|
0-0: Ball 1-0: Called Strike 1-1: Ball 2-1: Swinging Strike 2-2: Foul Ball, location: 9LMFF 2-2: Ball 3-2: Fly out, F9 (Flyball, 9LM, EV 92 MPH)
|
|
Batting: RHB Kurt Daniel
|
0-0: Foul Ball, location: 23F 0-1: Ground out 6-3 (Groundball, 6S, EV 86 MPH)
|
|
Batting: LHB Daryl Hatfield
|
0-0: Called Strike 0-1: Foul Ball, location: 2F 0-2: Ball 1-2: Ball 2-2: Ball 3-2: Base on Balls
|
|
Batting: RHB Sam Jones
|
0-0: Swinging Strike 0-1: Ball 1-1: Called Strike 1-2: Strikes out looking
|
| Bottom of the 1st over - 0 runs, 0 hits, 0 errors, 1 left on base; Los Angeles 0 - Miami 0 |
| TOP OF THE 2ND |
|
Los Angeles Dodgers batting - Pitching for Miami Marlins : LHP Steven Matz
|
|
Batting: SHB Maake Arnold
|
0-0: Ball 1-0: Foul Ball, location: 2F 1-1: Swinging Strike 1-2: Ball 2-2: Ball 3-2: SINGLE (Line Drive, 9S, EV 91 MPH)
|
|
Batting: RHB Ismael Díaz
|
0-0: Fly out, F9 (Flyball, 9, EV 89 MPH)
|
|
Batting: RHB Jose Rivas
|
0-0: Called Strike 0-1: Ball 1-1: Ball Maake Arnold steals 2nd base (no throw) 2-1: Fly out, F9 (Flyball, 89M, EV 88 MPH)
|
|
Batting: RHB Dan Noble
|
0-0: Ball 1-0: Ball 2-0: Ball 3-0: Called Strike 3-1: Fly out, F8 (Flyball, 8LD, EV 101 MPH)
|
| Top of the 2nd over - 0 runs, 1 hit, 0 errors, 1 left on base; Los Angeles 0 - Miami 0 |
| BOTTOM OF THE 2ND |
|
Miami Marlins batting - Pitching for Los Angeles Dodgers : RHP Luis Ramírez
|
|
Batting: SHB Cole Tucker
|
0-0: Ball 1-0: Ball 2-0: Ball 3-0: Called Strike 3-1: Foul Ball, location: 25F 3-2: Strikes out swinging
|
|
Batting: SHB Sergio Alcantara
|
0-0: Foul Ball, location: 7LMF 0-1: Fly out, F7 (Line Drive, 7, EV 74 MPH)
|
|
Batting: RHB Edgardo Franco
|
0-0: Swinging Strike 0-1: Swinging Strike 0-2: Foul Ball, location: 9LMFF 0-2: Fly out, F8 (Flyball, 78D, EV 88 MPH)
|
| Bottom of the 2nd over - 0 runs, 0 hits, 0 errors, 0 left on base; Los Angeles 0 - Miami 0 |
| TOP OF THE 3RD |
|
Los Angeles Dodgers batting - Pitching for Miami Marlins : LHP Steven Matz
|
|
Batting: SHB Raul Mondesi
|
0-0: Called Strike 0-1: Ball 1-1: Swinging Strike 1-2: Ball 2-2: Ball 3-2: Foul Ball, location: 2F 3-2: Base on Balls
|
|
Batting: RHB Dan Fletcher
|
0-0: Called Strike 0-1: DOUBLE (Line Drive, 7LD, EV 88 MPH) Raul Mondesi to third
|
|
Batting: RHB Don Jones
|
0-0: Called Strike 0-1: SINGLE (Groundball, 6D, EV 109 MPH) Raul Mondesi scores Dan Fletcher to third
|
|
Batting: RHB Jesús Martínez
|
0-0: Ball 1-0: Called Strike 1-1: Called Strike 1-2: Ball 2-2: SINGLE (Groundball, 25, EV 76 MPH) (infield hit) Dan Fletcher scores Don Jones to second
|
|
Batting: RHB Mike Garland
|
0-0: Ball 1-0: Sac Bunt to 15S - play at first, batter OUT! 1-3 Don Jones to third Jesús Martínez to second
|
|
Batting: SHB Maake Arnold
|
0-0: Ball 1-0: Ball 2-0: Ball 3-0: Called Strike 3-1: SINGLE (Line Drive, 9S, EV 100 MPH) Don Jones scores Jesús Martínez to third Runner from 3rd tries for Home, SAFE, throw by RF to home
|
|
Batting: RHB Ismael Díaz
|
0-0: Ball 1-0: Ball 2-0: Ground out 5-3 (Groundball, 56, EV 68 MPH) Maake Arnold to second
|
|
Batting: RHB Jose Rivas
|
0-0: Called Strike 0-1: SINGLE (Groundball, 6D, EV 93 MPH) Maake Arnold to third Runner from 3rd tries for Home, SAFE, throw by CF to home
|
|
Pitching: RHP Raquel Quental
|
|
|
Batting: RHB Dan Noble
|
0-0: Called Strike 0-1: Ball Jose Rivas steals 2nd base 1-1: Ball 2-1: Called Strike 2-2: Fly out, F8 (Line Drive, 8RD, EV 78 MPH)
|
| Top of the 3rd over - 5 runs, 5 hits, 0 errors, 1 left on base; Los Angeles 5 - Miami 0 |
| BOTTOM OF THE 3RD |
|
Miami Marlins batting - Pitching for Los Angeles Dodgers : RHP Luis Ramírez
|
|
Batting: LHB Ron Park
|
0-0: Called Strike 0-1: Ball 1-1: Swinging Strike 1-2: Ball 2-2: Strikes out looking
|
|
Batting: RHB Rainis Silva
|
0-0: Called Strike 0-1: Ball 1-1: Ball 2-1: Swinging Strike 2-2: Ball 3-2: Foul Ball, location: 2F 3-2: Fly out, F8 (Flyball, 8LM, EV 71 MPH)
|
|
Batting: LHB Alan O'Keefe
|
0-0: Ball 1-0: Ball 2-0: Ball 3-0: Called Strike 3-1: Called Strike 3-2: Strikes out swinging
|
| Bottom of the 3rd over - 0 runs, 0 hits, 0 errors, 0 left on base; Los Angeles 5 - Miami 0 |
| TOP OF THE 4TH |
|
Los Angeles Dodgers batting - Pitching for Miami Marlins : RHP Raquel Quental
|
|
Batting: SHB Raul Mondesi
|
0-0: Ball 1-0: Called Strike 1-1: Fly out, F7 (Flyball, 78M, EV 92 MPH)
|
|
Batting: RHB Dan Fletcher
|
0-0: Foul Ball, location: 3FF 0-1: Ball 1-1: Ball 2-1: Ball 3-1: Ground out 4-3 (Groundball, 4, EV 54 MPH)
|
|
Batting: RHB Don Jones
|
0-0: Ball 1-0: Ball 2-0: Fly out, F7 (Flyball, 7S, EV 94 MPH)
|
| Top of the 4th over - 0 runs, 0 hits, 0 errors, 0 left on base; Los Angeles 5 - Miami 0 |
| BOTTOM OF THE 4TH |
|
Miami Marlins batting - Pitching for Los Angeles Dodgers : RHP Luis Ramírez
|
|
Batting: RHB Kurt Daniel
|
0-0: Foul Ball, location: 9LMF 0-1: Swinging Strike 0-2: Foul Ball, location: 2F 0-2: Foul Ball, location: 2F 0-2: Ball 1-2: Ball 2-2: Ball 3-2: Fly out, F8 (Flyball, 8RD, EV 86 MPH)
|
|
Batting: LHB Daryl Hatfield
|
0-0: Called Strike 0-1: Ball 1-1: Ball 2-1: Ground out 1-3 (Groundball, 13S, EV 72 MPH)
|
|
Batting: RHB Sam Jones
|
0-0: Ball 1-0: Foul Ball, location: 3F 1-1: Ball 2-1: Swinging Strike 2-2: Strikes out swinging
|
| Bottom of the 4th over - 0 runs, 0 hits, 0 errors, 0 left on base; Los Angeles 5 - Miami 0 |
| TOP OF THE 5TH |
|
Los Angeles Dodgers batting - Pitching for Miami Marlins : RHP Raquel Quental
|
|
Batting: RHB Jesús Martínez
|
0-0: Fly out, F9 (Flyball, 9D, EV 102 MPH)
|
|
Batting: RHB Mike Garland
|
0-0: Called Strike 0-1: Ball 1-1: Foul Ball, location: 5FF 1-2: Ball 2-2: Ball 3-2: Base on Balls
|
|
Batting: SHB Maake Arnold
|
0-0: Swinging Strike 0-1: Ball 1-1: Foul Ball, location: 5DF 1-2: Foul Ball, location: 7LDF 1-2: Fly out, F3 (Popup, 3F, EV 59 MPH)
|
|
Batting: RHB Ismael Díaz
|
0-0: Called Strike Mike Garland steals 2nd base 0-1: Foul Ball, location: 2F 0-2: Ground out 5-3 (Groundball, 5S, EV 77 MPH)
|
| Top of the 5th over - 0 runs, 0 hits, 0 errors, 1 left on base; Los Angeles 5 - Miami 0 |
| BOTTOM OF THE 5TH |
|
Miami Marlins batting - Pitching for Los Angeles Dodgers : RHP Luis Ramírez
|
|
Batting: SHB Cole Tucker
|
0-0: Ball 1-0: Foul Ball, location: 9LMFF 1-1: Ground out U3 (Groundball, 34S, EV 56 MPH)
|
|
Batting: SHB Sergio Alcantara
|
0-0: Called Strike 0-1: Called Strike 0-2: Ball 1-2: Ball 2-2: Ball 3-2: Base on Balls
|
|
Batting: RHB Edgardo Franco
|
0-0: Ball 1-0: Swinging Strike 1-1: Called Strike 1-2: SINGLE (Groundball, 13S, EV 54 MPH) (infield hit) Sergio Alcantara to second
|
|
Batting: LHB Ron Park
|
0-0: Ball 1-0: Called Strike 1-1: Called Strike 1-2: Ball 2-2: Ball 3-2: Base on Balls Sergio Alcantara to third Edgardo Franco to second
|
|
Batting: RHB Rainis Silva
|
0-0: Ball 1-0: Fly out, F3 (Popup, 3S, EV 47 MPH)
|
|
Batting: LHB Alan O'Keefe
|
0-0: Foul Ball, location: 2LF 0-1: Ball 1-1: Swinging Strike 1-2: Ball 2-2: Fly out, F9 (Flyball, 9LM, EV 82 MPH)
|
| Bottom of the 5th over - 0 runs, 1 hit, 0 errors, 3 left on base; Los Angeles 5 - Miami 0 |
| TOP OF THE 6TH |
|
Los Angeles Dodgers batting - Pitching for Miami Marlins : RHP Raquel Quental
|
|
Batting: RHB Jose Rivas
|
0-0: Foul Ball, location: 2F 0-1: Ball 1-1: Swinging Strike 1-2: Fly out, F7 (Line Drive, 7D, EV 82 MPH)
|
|
Batting: RHB Dan Noble
|
0-0: Called Strike 0-1: Swinging Strike 0-2: Ball 1-2: Ball 2-2: Foul Ball, location: 9LDF 2-2: Foul Ball, location: 5F 2-2: Ball 3-2: SINGLE (Groundball, 34D, EV 87 MPH)
|
|
Batting: SHB Raul Mondesi
|
0-0: Reached via error on a dropped throw from 1B, E1 (Groundball, 34S, EV 53 MPH) Dan Noble to second
|
|
Batting: RHB Dan Fletcher
|
0-0: Reached via error on a dropped throw from 2B, E6 (Groundball, 4S, EV 98 MPH) Dan Noble to third Raul Mondesi to second
|
|
Batting: RHB Don Jones
|
0-0: Ball 1-0: Fly out, F7 (Line Drive, 7, EV 93 MPH)
|
|
Pitching: LHP Frank Lopez
|
|
|
Batting: RHB Jesús Martínez
|
0-0: Called Strike 0-1: Ball 1-1: Foul Ball, location: 2RF 1-2: Ball 2-2: Foul Ball, location: 2F 2-2: Fly out, F8 (Flyball, 89M, EV 90 MPH)
|
| Top of the 6th over - 0 runs, 1 hit, 2 errors, 3 left on base; Los Angeles 5 - Miami 0 |
| BOTTOM OF THE 6TH |
|
Miami Marlins batting - Pitching for Los Angeles Dodgers : RHP Luis Ramírez
|
|
Batting: RHB Kurt Daniel
|
0-0: Called Strike 0-1: Ball 1-1: Called Strike 1-2: Ball 2-2: DOUBLE (Groundball, 5L, EV 105 MPH)
|
|
Batting: LHB Daryl Hatfield
|
0-0: Ball 1-0: Ball 2-0: Called Strike 2-1: Ball 3-1: Foul Ball, location: 7LSF 3-2: Strikes out swinging
|
|
Pitching: LHP Dave Powell
|
|
|
Batting: RHB Sam Jones
|
0-0: Ball 1-0: Swinging Strike 1-1: Foul Ball, location: 7LMF 1-2: Ground out 6-3 (Groundball, 6MS, EV 93 MPH) Kurt Daniel to third
|
|
Batting: SHB Cole Tucker
|
0-0: Called Strike 0-1: Ball 1-1: Called Strike 1-2: Strikes out swinging
|
| Bottom of the 6th over - 0 runs, 1 hit, 0 errors, 1 left on base; Los Angeles 5 - Miami 0 |
| TOP OF THE 7TH |
|
Los Angeles Dodgers batting - Pitching for Miami Marlins : LHP Frank Lopez
|
|
Batting: RHB Mike Garland
|
0-0: Ball 1-0: Ball 2-0: Foul Ball, location: 7LDF 2-1: Ball 3-1: Reached on error, E5 (Groundball, 56S, EV 63 MPH)
|
|
Batting: SHB Maake Arnold
|
0-0: Fly out, F8 (Flyball, 8RM, EV 86 MPH)
|
|
Batting: RHB Ismael Díaz
|
0-0: Ball 1-0: Called Strike 1-1: Ball 2-1: Called Strike 2-2: Ball 3-2: DOUBLE (Line Drive, 9LS, EV 108 MPH) Mike Garland to third Runner from 3rd tries for Home, SAFE, throw by RF to trailing runner, OUT at third! 9-3-5
|
|
Batting: RHB Jose Rivas
|
0-0: Called Strike 0-1: Fly out, F7 (Flyball, 7, EV 88 MPH)
|
| Top of the 7th over - 1 run, 1 hit, 1 error, 0 left on base; Los Angeles 6 - Miami 0 |
| BOTTOM OF THE 7TH |
|
Miami Marlins batting - Pitching for Los Angeles Dodgers : LHP Dave Powell
|
|
Batting: SHB Sergio Alcantara
|
0-0: Ball 1-0: Ball 2-0: Swinging Strike 2-1: Ball 3-1: SOLO HOME RUN (Flyball, 7LD, EV 111 MPH), Distance : 356 ft
|
|
Batting: RHB Edgardo Franco
|
0-0: Called Strike 0-1: Ball 1-1: Foul Ball, location: 2F 1-2: Ball 2-2: Strikes out swinging
|
|
Pinch Hitting: SHB Edgardo Medina
|
0-0: Foul Ball, location: 23F 0-1: Ball 1-1: Foul Ball, location: 5F 1-2: Foul Ball, location: 7LDF 1-2: Strikes out swinging
|
|
Batting: RHB Rainis Silva
|
0-0: Called Strike 0-1: Swinging Strike 0-2: Ball 1-2: Strikes out swinging
|
| Bottom of the 7th over - 1 run, 1 hit, 0 errors, 0 left on base; Los Angeles 6 - Miami 1 |
| TOP OF THE 8TH |
|
Los Angeles Dodgers batting - Pitching for Miami Marlins : LHP Frank Lopez
|
|
Now in LF: Edgardo Medina
|
|
|
Now in CF: Daryl Hatfield
|
|
|
Now in RF: Alan O'Keefe
|
|
|
Batting: RHB Dan Noble
|
0-0: Swinging Strike 0-1: Ball 1-1: Ball 2-1: Ball 3-1: Foul Ball, location: 23FF 3-2: Strikes out swinging
|
|
Batting: SHB Raul Mondesi
|
0-0: Swinging Strike 0-1: Called Strike 0-2: Ball 1-2: Strikes out swinging
|
|
Batting: RHB Dan Fletcher
|
0-0: Ball 1-0: Ball 2-0: Ball 3-0: Base on Balls
|
|
Batting: RHB Don Jones
|
0-0: Ball 1-0: SINGLE (Groundball, 6, EV 106 MPH) (infield hit) Dan Fletcher to second
|
|
Batting: RHB Jesús Martínez
|
0-0: Called Strike 0-1: Ball 1-1: Ball 2-1: Ball 3-1: Foul Ball, location: 2F 3-2: Strikes out swinging
|
| Top of the 8th over - 0 runs, 1 hit, 0 errors, 2 left on base; Los Angeles 6 - Miami 1 |
| BOTTOM OF THE 8TH |
|
Miami Marlins batting - Pitching for Los Angeles Dodgers : LHP Dave Powell
|
|
Batting: LHB Alan O'Keefe
|
0-0: SINGLE (Flyball, 56D, EV 73 MPH)
|
|
Batting: RHB Kurt Daniel
|
0-0: Called Strike 0-1: Reached on error, E6 (Groundball, 4MS, EV 60 MPH) Alan O'Keefe to second
|
|
Pinch Hitting: RHB Terence Thompson
|
0-0: Swinging Strike 0-1: Ball 1-1: Ball 2-1: Swinging Strike 2-2: Fly out, F6 (Popup, 6, EV 52 MPH)
|
|
Batting: RHB Sam Jones
|
0-0: Foul Ball, location: 2F 0-1: Swinging Strike 0-2: Ball 1-2: Ball 2-2: Foul Ball, location: 23F 2-2: Fly out, F5 (Line Drive, 5, EV 97 MPH)
|
|
Batting: SHB Cole Tucker
|
0-0: Ball 1-0: SINGLE (Line Drive, 8LS, EV 89 MPH) Alan O'Keefe to third Kurt Daniel to second Runner from 3rd tries for Home, SAFE, throw by CF to home
|
|
Pitching: RHP Jesus Arroyo
|
|
|
Batting: SHB Sergio Alcantara
|
0-0: Called Strike 0-1: Ball 1-1: Foul Ball, location: 2F 1-2: Strikes out swinging
|
| Bottom of the 8th over - 1 run, 2 hits, 1 error, 2 left on base; Los Angeles 6 - Miami 2 |
| TOP OF THE 9TH |
|
Los Angeles Dodgers batting - Pitching for Miami Marlins : LHP Frank Lopez
|
|
Pitching: RHP António Fontanez
|
|
|
Now in CF: Luis Alvarado
|
|
|
Batting: RHB Mike Garland
|
0-0: Called Strike 0-1: Foul Ball, location: 9LDF 0-2: Strikes out looking
|
|
Batting: SHB Maake Arnold
|
0-0: Ball 1-0: Foul Ball, location: 9LDF 1-1: Called Strike 1-2: Ball 2-2: Foul Ball, location: 2F 2-2: Ground out 6-3 (Groundball, 6D, EV 105 MPH)
|
|
Batting: RHB Ismael Díaz
|
0-0: Ball 1-0: Ball 2-0: Called Strike 2-1: Foul Ball, location: 23F 2-2: Foul Ball, location: 5F 2-2: Ball 3-2: Strikes out swinging
|
| Top of the 9th over - 0 runs, 0 hits, 0 errors, 0 left on base; Los Angeles 6 - Miami 2 |
| BOTTOM OF THE 9TH |
|
Miami Marlins batting - Pitching for Los Angeles Dodgers : RHP Jesus Arroyo
|
|
Batting: RHB Edgardo Franco
|
0-0: Called Strike 0-1: Ball 1-1: Ball 2-1: Swinging Strike 2-2: Strikes out swinging
|
|
Batting: SHB Edgardo Medina
|
0-0: Called Strike 0-1: Foul Ball, location: 7LDF 0-2: SINGLE (Line Drive, 6M, EV 93 MPH)
|
|
Batting: RHB Rainis Silva
|
0-0: Ball 1-0: Ball 2-0: Foul Ball, location: 7LMF 2-1: Foul Ball, location: 5SF 2-2: Foul Ball, location: 5DF 2-2: Strikes out looking
|
|
Batting: LHB Alan O'Keefe
|
0-0: Ground out 4-3 (Groundball, 4S, EV 87 MPH)
|
| Bottom of the 9th over - 0 runs, 1 hit, 0 errors, 1 left on base; Los Angeles 6 - Miami 2 |
|